 Dungeon Crawl Stone Soup version 0.29.1-12-g30fa7ad0bf (webtiles) character file.

Game seed: 5601386333496476871

3 mopl the Sneak (level 1, 13/13 HPs)
             Began as a Formicid Enchanter on Jan 15, 2023.
             Got out of the dungeon alive.
             The game lasted 00:00:18 (50 turns).

mopl the Sneak (Formicid Enchanter)                   Turns: 50, Time: 00:00:19

Health: 13/13      AC:  2    Str: 12    XL:     1   Next: 55%
Magic:  3/3        EV: 12    Int: 14    God:
Gold:   7          SH:  0    Dex: 14    Spells: 4/4 levels left

rFire   . . .      SeeInvis +   a - +1 dagger
rCold   . . .      Faith    .   (no shield)
rNeg    . . .      Spirit   .   b - +0 robe
rPois   .          Reflect  .   (helmet unavailable)
rElec   .          Harm     .   (no cloak)
rCorr   .          Rampage  .   (no gloves)
Will    .....                   (no boots)
Stlth   ++........              (no amulet)
HPRegen 0.04/turn               (no ring)
MPRegen 0.08/turn               (no ring)

@: no status effects
A: permanent stasis, dig shafts and tunnels, antennae 3, four strong arms
a: Dig, Shaft Self


You escaped.
You visited 1 branch of the dungeon, and saw 1 of its levels.

You collected 7 gold pieces.

Inventory:

Hand Weapons
 a - a +1 dagger (weapon)
Armour
 b - a +0 robe (worn)
Scrolls
 d - a scroll of magic mapping {unknown}
Potions
 c - 2 potions of invisibility


   Skills:
 - Level 1.0 Short Blades
 - Level 1.7 Dodging
 + Level 3.7 Stealth
 - Level 2.3 Spellcasting
 - Level 3.7 Hexes


You had 4 spell levels left.
You didn't know any spells.
Your spell library contained the following spells:

 Spells                   Type           Power      Damage    Failure   Level
 Ensorcelled Hibernation  Hex/Ice        12%        N/A       16%         2
 Confusing Touch          Hex            12%        N/A       16%         3
 Tukima's Dance           Hex            12%        N/A       16%         3
 Dazzling Flash           Conj/Hex       12%        N/A       32%         3


Dungeon Overview and Level Annotations

Branches:
Dungeon (1/15)

Altars:
Trog


Innate Abilities, Weirdness & Mutations

You cannot be hasted, slowed, berserked, paralysed or teleported.
You can dig through walls and to a lower floor.
You have a pair of large antennae on your head. (SInv)
Your four strong arms can wield two-handed weapons with a shield.


Message History

The rat bites you but does no damage.
You hit the rat but do no damage. The bat hits you but does no damage.
The rat misses you.
You hit the rat but do no damage. The rat bites you but does no damage.
The bat hits you but does no damage.
You hit the rat.
The rat is heavily wounded.
The shining eye turns its gaze towards you.
The bat hits you but does no damage. x2
You barely miss the rat.
The rat is heavily wounded.
The bat hits you but does no damage. The rat barely misses you.
You hit the rat.
You kill the rat!
The eye of devastation turns its gaze towards you.
The bat hits you but does no damage. x3
You hit the bat.
You kill the bat!
No reachable target in view!
No reachable target in view!
No reachable target in view!
No reachable target in view!
No reachable target in view!
No reachable target in view!
You see here a rat corpse.
You now have 7 gold pieces.
There is a faded altar of an unknown god here.
You cannot tell which god this altar belongs to.
Convert to them anyway?
Trog accepts your prayer! Trog welcomes you!
Really renounce your faith, foregoing its fabulous benefits?
Are you sure?
You have lost your religion!
Trog does not appreciate desertion!
Unknown command.
Press < or > to pray at altars.
The great orb of eyes pulsates ominously.
There is a staircase leading out of the dungeon here.
Are you sure you want to leave the Dungeon?
This will make you lose the game!
You have escaped!

.. #..#.# { ..#.###+#+#
#.#.##....# . ..#
#.#.##..@.# ..
..####....##.###### ..
....#...............
.$##.#.#.#.............
............##......##.
.........#.##...##.#
###...###.....#.## .#
#G#...#G#..##.#.# #
###...###.###...#


There were no monsters in sight!

Vanquished Creatures
  2 bats (D:1)
  A rat (D:1)
3 creatures vanquished.

Notes
Turn   | Place    | Note
-------+----------+-------------------------------------------
     0 | D:1      | mopl the Formicid Enchanter began the quest for the Orb.
     0 | D:1      | Reached XP level 1. HP: 13/13 MP: 3/3
    13 | D:1      | Found a faded altar of an unknown god.
    15 | D:1      | Noticed a shining eye
    15 | D:1      | Noticed a great orb of eyes
    16 | D:1      | Noticed a shining eye
    16 | D:1      | Noticed an eye of devastation
    33 | D:1      | Prayed at the altar of an unknown god.
    33 | D:1      | Became a worshipper of Trog the Wrathful
    33 | D:1      | Reached * piety under Trog
    34 | D:1      | Fell from the grace of Trog
    50 | D:$      | Got out of the dungeon alive.

Illustrated notes

Levels and vault maps discovered:
D:1:      dpeg_arrival_ratfight, layout_loops_ring,
          hellmonk_ecumenical_altar_watching_god

Action                   || total
-------------------------++-------
Melee: Dagger            ||     7
Invok: Renounce Religion ||     1
 Stab: Sleeping          ||     1
Armor: Robe              ||    10
Dodge: Dodged            ||     3
